 Dungeon Crawl Stone Soup version 0.28.0-53-g5a82cb258f (webtiles) character file.

Game seed: 2916967585670690397

400 MiltankisOP the Nimble (level 6, -20/43 HPs)
             Began as a Merfolk Transmuter on June 17, 2022.
             Demolished by an ogre
             ... wielding a +0 giant spiked club
              (21 damage)
             ... on level 4 of the Dungeon.
             The game lasted 00:08:43 (4106 turns).

MiltankisOP the Nimble (Merfolk Transmuter)         Turns: 4106, Time: 00:08:43

Health: -20/43     AC:  6    Str: 16    XL:     6   Next: 84%
Magic:  9/9        EV: 15    Int: 15    God:
Gold:   138        SH:  0    Dex: 14    Spells: 6/9 levels left

rFire   . . .      SeeInvis .     - Unarmed
rCold   . . .      Faith    .   (no shield)
rNeg    . . .      Spirit   .   q - +2 robe {Will+}
rPois   .          Reflect  .   (helmet currently unavailable)
rElec   .          Harm     .   f - +1 cloak
rCorr   .          Rampage  .   (no gloves)
Will    ++...                   (boots currently unavailable)
Stlth   +.........              (no amulet)
HPRegen 0.14/turn               e - ring of willpower
MPRegen 0.11/turn               l - +6 ring of strength

@: appendages
A: horns 2, (nimble swimmer 2), mertail
a: End Transformation


You were on level 4 of the Dungeon.
You had temporarily grown beastly horns.
You visited 1 branch of the dungeon, and saw 4 of its levels.

You collected 138 gold pieces.

Inventory:

Armour
 a - a +0 robe
 f - a +1 cloak (worn)
 j - a scarf of shadows
 q - a +2 robe of willpower (worn)
Jewellery
 e - a ring of willpower (left hand)
 l - a +6 ring of strength (right hand)
Wands
 n - a wand of iceblast (17)
 o - a wand of flame (9)
Scrolls
 c - 4 scrolls of identify {unknown}
 d - a scroll of magic mapping {unknown}
 h - a scroll of teleportation {unknown}
 r - a scroll of noise {unknown}
 s - 3 scrolls of enchant armour {unknown}
 t - a scroll of summoning {unknown}
Potions
 b - a potion of haste {unknown}
 g - a potion of brilliance {unknown}
 i - a potion of magic {unknown}
 k - 3 potions of attraction {unknown}
 m - a potion of heal wounds {unknown}
 p - a potion of berserk rage {unknown}


   Skills:
 - Level 1.1 Fighting
 - Level 8.1 Dodging
 - Level 3.2 Unarmed Combat
 - Level 2.0 Spellcasting
 - Level 5.0 Transmutations
 + Level 0.8 Poison Magic


You had 6 spell levels left.
You knew the following spells:

 Your Spells              Type           Power      Damage    Failure   Level
a - Beastly Appendage     Tmut           32%        N/A       2%          1
b - Wereblood             Tmut           16%        N/A       4%          2

Your spell library contained the following spells:

 Spells                   Type           Power      Damage    Failure   Level
 Spider Form              Tmut/Pois      10%        N/A       21%         3
 Apportation              Tloc           2%         N/A       22%         1
 Summon Guardian Golem    Hex/Summ       1%         N/A       54%         3
 Ice Form                 Ice/Tmut       9%         N/A       61%         4
 Alistair's Intoxication  Tmut/Pois      6%         N/A       88%         5
 Orb of Destruction       Conj           0%         9d5       100%        7
 Spellforged Servitor     Conj/Summ      0%         N/A       100%        7


Dungeon Overview and Level Annotations

Branches:
Dungeon (4/15)
 Temple: D:4-7

Altars:


Innate Abilities, Weirdness & Mutations

You have temporarily grown beastly horns.
((You are very nimble when in or above water. (Stealth+, EV+, Speed+++)))
Your lower body shifts to a powerful aquatic tail in water.


Message History

You see here 3 javelins.
There is a stone staircase leading down here.
You climb downwards.
You hear the sound of rushing water.
There is an entrance to a sewer on this level.
Hurry and find it before the portal rusts away!
There is a stone staircase leading up here.
t - a scroll labelled GIEVOB BOAV An ogre comes into view.
It is wielding a +0 giant spiked club.
An ogre is nearby!
Casting: Beastly Appendage (safe; 2% risk of failure)
Confirm with . or Enter, or press ? or * to list all spells.
You grow a pair of large bovine horns.
The ogre shouts!
You hit the ogre but do no damage. You punch the ogre.
The ogre is lightly wounded.
The ogre hits you with a +0 giant spiked club!
You barely miss the ogre.
The ogre is lightly wounded.
You hit the ogre.
The ogre is lightly wounded.
The ogre closely misses you.
You barely miss the ogre. You headbutt the ogre!
The ogre is heavily wounded.
The ogre hits you with a +0 giant spiked club!!
Ouch! That really hurt!
* * * LOW HITPOINT WARNING * * *
You closely miss the ogre.
You headbutt the ogre, but do no damage.
The ogre is heavily wounded.
You hit the ogre.
The ogre is severely wounded.
The ogre closely misses you.
You barely miss the ogre.
You headbutt the ogre, but do no damage.
The ogre is severely wounded.
The ogre closely misses you.
You barely miss the ogre.
The ogre is severely wounded.
The ogre hits you with a +0 giant spiked club!!
You die...

## ...# ...
..# #.# ..#
... ..# #.#
#.# #.# #.#
#.###.###.#
#.........#
#.###.###@#
#<..#O###.#
.#####.#.....#
.....O...$####
######.#...#
#.##..# .. ..#
... .!.. #...
..#.#


You could see an ogre.

Vanquished Creatures
  A scorpion (D:3)
  Jessica (D:3)
  Ijyb (D:3)
  Natasha (thrice) (D:2)
  2 orc wizards (D:3)
  Robin (D:2)
  A gnoll (D:2)
  4 adders
  A worm (D:2)
  A dart slug (D:3)
  10 orcs (D:3)
  4 ball pythons
  9 bats
  3 endoplasms
  13 giant cockroaches
  15 goblins
  7 hobgoblins
  2 jackals (D:2)
  6 kobolds
  2 quokkas (D:2)
  5 frilled lizards
  7 rats
99 creatures vanquished.

Notes
Turn   | Place    | Note
-------+----------+-------------------------------------------
     0 | D:1      | MiltankisOP the Merfolk Transmuter began the quest for the
                  | Orb.
     0 | D:1      | Reached XP level 1. HP: 15/15 MP: 3/3
   142 | D:1      | Reached XP level 2. HP: 21/21 MP: 3/5
   795 | D:1      | Reached XP level 3. HP: 25/26 MP: 4/6
   848 | D:1      | Found a faded altar of an unknown god.
  1169 | D:2      | Reached skill level 5 in Transmutations
  1482 | D:2      | Reached skill level 3 in Dodging
  1649 | D:2      | Learned a level 2 spell: Wereblood
  1872 | D:2      | Noticed Robin
  1899 | D:2      | Reached XP level 4. HP: 24/32 MP: 4/7
  1915 | D:2      | Killed Robin
  1926 | D:2      | Reached skill level 4 in Dodging
  2407 | D:2      | Noticed Natasha
  2421 | D:2      | Killed Natasha
  2422 | D:2      | Reached skill level 5 in Dodging
  2422 | D:2      | Reached XP level 5. HP: 33/37 MP: 6/8
  2729 | D:2      | Noticed Natasha
  2746 | D:2      | Killed Natasha
  2917 | D:3      | Noticed Ijyb
  2942 | D:3      | Killed Ijyb
  2943 | D:3      | Reached skill level 6 in Dodging
  2958 | D:3      | Reached skill level 7 in Dodging
  2958 | D:3      | Reached XP level 6. HP: 23/43 MP: 9/9
  3125 | D:3      | Noticed Jessica
  3137 | D:3      | Killed Jessica
  3304 | D:2      | Noticed Natasha
  3317 | D:2      | Killed Natasha
  3779 | D:3      | Reached skill level 8 in Dodging
  4102 | D:4      | HP: 1/43 [ogre/+0 giant spiked club (26)]
  4106 | D:4      | Demolished by an ogre

Illustrated notes

Levels and vault maps discovered:
D:1:      denvon_arrival_waterhouse, layout_loops_ring,
          hellmonk_ecumenical_altar_crossroads
D:2:      layout_loops_cross, minmay_liquid_box, cheibrodos_gnoll_hut,
          uniq_natasha, uniq_robin
D:3:      minmay_roachtagon, layout_basic, uniq_ijyb, uniq_jessica
D:4:      layout_loops_ring, portal_sewer_entry_e

Skill      XL: |  1  2  3  4  5  6 |
---------------+-------------------+-----
Transmutations | 3 4 5 |  5.0
Dodging        | 3 5 7 8 |  8.1
Fighting       | |  1.1
Unarmed Combat | |  3.2
Spellcasting   | |  2.0
Poison Magic   | |  0.8

Action                   |  1- 3 |  4- 6 || total
-------------------------+-------+-------++-------
Melee: Unarmed           |   117 |   248 ||   365
       Headbutt          |    17 |    47 ||    64
       Tailslap          |     1 |       ||     1
       Punch             |     1 |     7 ||     8
 Cast: Beastly Appendage |    27 |    32 ||    59
       Wereblood         |     1 |     6 ||     7
 Stab: Sleeping          |     3 |     1 ||     4
Armor: Robe              |    35 |    47 ||    82
Dodge: Dodged            |    80 |   152 ||   232
